[Event "Titled Tuesday Blitz May 30 Early 2023"]
[White "Hambleton, Aman"]
[Black "Lymar, Vladislav"]
[WhiteFideId "2606577"]
[BlackFideId "14162180"]
[WhiteElo "2511"]
[BlackElo "2234"]
[Result "1-0"]
[Round "08"]
[TimeControl "180+2"]
[Date "2023.05.30"]
[WhiteClock "0:00:07"]
[BlackClock "0:01:17"]

1. d4 d5 2. Bf4 c5 3. e3 Nc6 4. c3 Nf6 5. Nd2 Bf5 6. Qb3 Qb6 7. dxc5 Qxc5 8. Qxb7 Rd8 9. Nb3 Qb6 10. Qxb6 axb6 11. Bc7 Rc8 12. Bxb6 e6 13. a4 Rb8 14. a5 Nxa5 15. Bb5+ Nd7 16. Rxa5 Rxb6 17. Nd4 Be7 18. Ra7 e5 19. Nxf5 Rxb5 20. Ra8+ Nb8 21. Nxg7+ Kd7 22. Nf5 Rxb2 23. Ra1 Rc8 24. Nf3 Rxc3 25. Nxe7 Kxe7 26. Nxe5 Ke6 27. Nf3 Nc6 28. O-O Rd3 29. Rad1 Rbb3 30. Rxd3 Rxd3 31. h4 h6 32. Rc1 Kd6 33. g3 Ne7 34. Kf1 Ng6 35. Ke2 Ra3 36. Rd1 Ne7 37. Nd4 Ke5 38. Rd2 Ra8 39. Nf3+ Ke6 40. Nd4+ Kd6 41. Kf3 Ng6 42. Nf5+ Ke6 43. Nxh6 Ne5+ 44. Kf4 Ra4+ 45. Kg5 f6+ 46. Kh5 Ra8 47. g4 Nf3 48. Rb2 d4 49. Rb6+ Ke7 50. Rb7+ Ke6 51. Rb6+ Ke7 52. Nf5+ Kf7 53. Rb7+ Ke6 54. Nxd4+ Nxd4 55. exd4 Rh8+ 56. Kg6 Rxh4 57. Rb6+ Ke7 58. Kf5 Rh2 59. f4 Rd2 60. Re6+ Kd7 61. Rxf6 Rxd4 62. g5 Rd5+ 63. Kg6 Ke7 64. f5 Rd8 65. Rf7+ Ke8 66. f6 Rd5 67. Ra7 Re5 68. Ra8+ Kd7 69. Kh6 Ke6 70. Re8+ Kf5 71. Rxe5+ Kxe5 72. Kg7 1-0


[Site "https://www.chess.com"]

[Event "Titled Tuesday Blitz May 30 Early 2023"]
[White "Djordjevic, Vuk"]
[Black "Roberson, Peter T"]
[WhiteFideId "902098"]
[BlackFideId "412384"]
[WhiteElo "2452"]
[BlackElo "2346"]
[Result "1-0"]
[Round "08"]
[TimeControl "180+2"]
[Date "2023.05.30"]
[WhiteClock "0:00:02"]
[BlackClock "0:00:00"]

1. d4 Nf6 2. Bg5 Ne4 3. Bf4 d5 4. e3 c5 5. Bd3 Nc6 6. c3 Bf5 7. Nf3 e6 8. O-O Bd6 9. dxc5 Bxc5 10. Nd4 Bg6 11. Bb5 Qb6 12. Qa4 O-O 13. b4 Bxd4 14. cxd4 Rfc8 15. f3 Nf6 16. Nd2 Nxb4 17. Qxb4 a6 18. a4 axb5 19. a5 Qa6 20. Nb3 Rc4 21. Qe7 Re8 22. Qa3 Nd7 23. Qd6 Qxd6 24. Bxd6 Rc3 25. Nc5 Nxc5 26. dxc5 Rxe3 27. c6 bxc6 28. a6 Ra8 29. Rfc1 b4 30. Rxc6 b3 31. Rb6 h6 32. a7 Kh7 33. Rb8 Rxa7 34. Rxa7 Re1+ 35. Kf2 Rb1 36. Rab7 Bc2 37. Rxf7 Kg6 38. Rfb7 Rd1 39. Be5 Kf5 40. Bxg7 d4 41. Rf8+ Kg6 42. Rd8 b2 43. Rxb2 Rd2+ 44. Ke1 Rd1+ 45. Ke2 d3+ 46. Rxd3 Kxg7 47. Rxc2 1-0


[Site "https://www.chess.com"]

[Event "Titled Tuesday Blitz May 30 Early 2023"]
[White "Csonka, Balazs"]
[Black "Gheorghiu, Calin"]
[WhiteFideId "742910"]
[BlackFideId "1200305"]
[WhiteElo "2404"]
[BlackElo "2223"]
[Result "1-0"]
[Round "08"]
[TimeControl "180+2"]
[Date "2023.05.30"]
[WhiteClock "0:00:10"]
[BlackClock "0:00:16"]

1. e4 e6 2. d4 d5 3. Nc3 Nf6 4. Bg5 h6 5. Bxf6 Qxf6 6. exd5 Bb4 7. Bc4 exd5 8. Bxd5 O-O 9. Ne2 Nc6 10. O-O Rd8 11. Ne4 Qg6 12. Bxc6 Qxc6 13. N4g3 Bg4 14. c3 Bd6 15. Qc2 Re8 16. Rfe1 b5 17. f3 Be6 18. Ne4 Be7 19. Nf4 Bf5 20. Qb3 a5 21. Qd5 Bd7 22. Qxc6 Bxc6 23. Kf2 f5 24. Nc5 Bd6 25. Nfd3 Bd5 26. a3 g5 27. Ne5 Kg7 28. Ncd3 Re7 29. Re2 Rae8 30. Rae1 Bc4 31. Nxc4 bxc4 32. Rxe7+ Rxe7 33. Rxe7+ Bxe7 34. Ne5 Bd6 35. Nxc4 Bxh2 36. Nxa5 Bf4 37. Nc4 h5 38. a4 h4 39. a5 c6 40. a6 Bb8 41. Ne5 g4 42. fxg4 fxg4 43. Nxc6 h3 44. gxh3 gxh3 45. Nxb8 1-0


[Site "https://www.chess.com"]

[Event "Titled Tuesday Blitz May 30 Early 2023"]
[White "Matinian, Nikita"]
[Black "WindWhistler11"]
[WhiteFideId "24129100"]
[WhiteElo "2422"]
[BlackElo "2548"]
[Result "1-0"]
[Round "08"]
[TimeControl "180+2"]
[Date "2023.05.30"]
[WhiteClock "0:00:49"]
[BlackClock "0:00:00"]

1. e4 e6 2. d4 d5 3. Nc3 Bb4 4. e5 Ne7 5. Qg4 Nf5 6. Nf3 h5 7. Qf4 c5 8. a3 Bxc3+ 9. bxc3 Nc6 10. Bd3 Nce7 11. a4 Qa5 12. Bd2 c4 13. Be2 Bd7 14. O-O O-O-O 15. h4 Kb8 16. Rfb1 Ka8 17. Ng5 Rdf8 18. Qh2 Ng6 19. g3 f6 20. exf6 gxf6 21. Nf3 Rfg8 22. Bf1 Nd6 23. Be1 Ne4 24. Bg2 f5 25. Ng5 Nxg5 26. hxg5 h4 27. f4 hxg3 28. Qxg3 Rh7 29. Kf2 Rgh8 30. Bd2 Qc7 31. Rh1 Rxh1 32. Rxh1 Rxh1 33. Bxh1 Bxa4 34. Qh2 Qg7 35. Bf3 Bxc2 36. Qh6 Ne7 37. Qxg7 1-0


[Site "https://www.chess.com"]

[Event "Titled Tuesday Blitz May 30 Early 2023"]
[White "Tologon tegin, Semetei"]
[Black "Martinez Ramirez, Lennis"]
[WhiteFideId "13800574"]
[BlackFideId "3509079"]
[WhiteElo "2247"]
[BlackElo "2410"]
[Result "0-1"]
[Round "08"]
[TimeControl "180+2"]
[Date "2023.05.30"]
[WhiteClock "0:00:49"]
[BlackClock "0:00:07"]

1. e4 c5 2. Nf3 Nc6 3. d4 cxd4 4. Nxd4 Nf6 5. Nc3 e5 6. Ndb5 d6 7. Bg5 a6 8. Na3 b5 9. Nd5 Be7 10. Bxf6 Bxf6 11. c4 b4 12. Nc2 O-O 13. g3 a5 14. Bg2 Be6 15. O-O Bxd5 16. cxd5 Na7 17. a4 Rc8 18. Qd3 Qb6 19. Ne3 Qd4 20. Rfd1 Qxd3 21. Rxd3 g6 22. b3 Rc5 23. Nc4 Nc8 24. Bf1 Bd8 25. h4 f5 26. f3 Bb6 27. Kh2 fxe4 28. fxe4 Rf2+ 29. Kh3 h5 30. Rad1 Rc7 31. R3d2 Rf3 32. Rd3 Rcf7 33. Bg2 Rf2 34. R3d2 Bc7 35. Kh2 Nb6 36. Nxa5 Nxa4 37. Nc4 Nc3 38. Ra1 Rxd2 39. Nxd2 Bb6 40. Ra8+ Kg7 41. Nc4 Bc5 42. Rd8 Nb5 43. Bh3 Rf2+ 44. Kh1 Rf3 45. Bd7 Nd4 46. Be6 Rxg3 47. Nxd6 Bxd6 48. Rxd6 Nf3 49. Rd7+ Kh6 50. Bg8 Rg1# 0-1


[Site "https://www.chess.com"]

[Event "Titled Tuesday Blitz May 30 Early 2023"]
[White "Sadovsky, Artem"]
[Black "Ehlvest, Jaan"]
[WhiteFideId "4155840"]
[BlackFideId "4500016"]
[WhiteElo "2314"]
[BlackElo "2442"]
[Result "0-1"]
[Round "08"]
[TimeControl "180+2"]
[Date "2023.05.30"]
[WhiteClock "0:00:30"]
[BlackClock "0:01:05"]

1. Nf3 Nf6 2. e3 b6 3. Be2 Bb7 4. O-O g6 5. b3 Bg7 6. Bb2 O-O 7. c4 e6 8. d4 d5 9. Nbd2 Nbd7 10. Rc1 c5 11. dxc5 bxc5 12. cxd5 exd5 13. Bb5 Rc8 14. Bxd7 Qxd7 15. Ba3 Qb5 16. Qc2 Nd7 17. Bb2 d4 18. e4 Rfe8 19. Rfe1 Bh6 20. Rcd1 Nf6 21. e5 Nd5 22. Nc4 Nb4 23. Qe2 Rcd8 24. a4 Qa6 25. Nd6 Rxd6 26. exd6 Rxe2 27. d7 Nc6 28. Bxd4 cxd4 29. Nxd4 Rxe1+ 30. Rxe1 Bg5 31. Nf5 gxf5 32. Re8+ Kg7 0-1


[Site "https://www.chess.com"]

[Event "Titled Tuesday Blitz May 30 Early 2023"]
[White "Moral Garcia, Serafin"]
[Black "Bolourchifard, Farzad"]
[WhiteFideId "2201925"]
[BlackFideId "12510084"]
[WhiteElo "2274"]
[BlackElo "2317"]
[Result "1-0"]
[Round "08"]
[TimeControl "180+2"]
[Date "2023.05.30"]
[WhiteClock "0:00:41"]
[BlackClock "0:00:00"]

1. e4 e5 2. Nf3 Nc6 3. Bb5 a6 4. Bxc6 dxc6 5. O-O f6 6. d4 exd4 7. Nxd4 c5 8. Ne2 Qxd1 9. Rxd1 Bd7 10. Nbc3 O-O-O 11. f3 Ne7 12. Be3 b6 13. Nf4 Re8 14. Ncd5 Bc6 15. Rd2 g5 16. Nxe7+ Bxe7 17. Nd5 Bd8 18. Kf2 Re5 19. Rad1 Rhe8 20. g4 h5 21. h3 hxg4 22. hxg4 Bxd5 23. Rxd5 Rh8 24. Rxe5 fxe5 25. Kg2 Bf6 26. Bf2 Rd8 27. Rxd8+ Kxd8 28. Kf1 Kd7 29. Ke2 Kc6 30. c4 Kd6 31. Kd3 Kc6 32. a3 Kd6 33. Kc3 Kc6 34. b4 cxb4+ 35. axb4 Be7 36. Be3 Kd6 37. Bc1 Ke6 38. Ba3 Bf8 39. b5 axb5 40. Bxf8 bxc4 41. Kxc4 c6 42. Ba3 1-0


[Site "https://www.chess.com"]

[Event "Titled Tuesday Blitz May 30 Early 2023"]
[White "MaryanKyrychenko"]
[Black "Chylewski, Patryk"]
[BlackFideId "1186191"]
[WhiteElo "2638"]
[BlackElo "2163"]
[Result "1-0"]
[Round "08"]
[TimeControl "180+2"]
[Date "2023.05.30"]
[WhiteClock "0:00:05"]
[BlackClock "0:00:04"]

1. e4 c6 2. d4 d5 3. e5 c5 4. dxc5 e6 5. a3 Bxc5 6. b4 Bb6 7. Bb2 Ne7 8. Nf3 a5 9. b5 Nd7 10. Bd3 Ng6 11. O-O Nf4 12. g3 Nxd3 13. Qxd3 O-O 14. Nbd2 a4 15. h4 Nc5 16. Qe2 Bd7 17. Nd4 Rc8 18. c4 Ba5 19. cxd5 exd5 20. N2f3 Bg4 21. Rac1 Ne4 22. Qe3 Qd7 23. Rxc8 Rxc8 24. Qf4 Bc3 25. Bxc3 Rxc3 26. e6 Bxe6 27. Nxe6 fxe6 28. Rd1 Qf7 29. Qb8+ Qf8 30. Qxf8+ Kxf8 31. Nd4 Ke7 32. f3 Nxg3 33. Re1 Rd3 34. Nxe6 Kf6 35. Nf4 Rxa3 36. Nxd5+ Kf5 37. Kg2 Nh5 38. Re7 Rd3 39. Ne3+ Kf4 40. Re4# 1-0


[Site "https://www.chess.com"]

[Event "Titled Tuesday Blitz May 30 Early 2023"]
[White "Jakubowski, Krzysztof"]
[Black "Jaskolka, Tomasz"]
[WhiteFideId "1112848"]
[BlackFideId "1170791"]
[WhiteElo "2359"]
[BlackElo "2155"]
[Result "1-0"]
[Round "08"]
[TimeControl "180+2"]
[Date "2023.05.30"]
[WhiteClock "0:01:07"]
[BlackClock "0:01:26"]

1. c4 c6 2. Nf3 d5 3. e3 Nf6 4. Nc3 Bg4 5. Qb3 Qb6 6. Qxb6 axb6 7. cxd5 Bxf3 8. gxf3 cxd5 9. d4 e6 10. Nb5 Na6 11. a3 Be7 12. Bd2 O-O 13. Bd3 Rfc8 14. Ke2 Ne8 15. Rac1 Nac7 16. Nxc7 Nxc7 17. Rc2 Ne8 18. Rhc1 Nd6 19. Bb4 Rxc2+ 20. Rxc2 Rc8 21. Bxd6 Rxc2+ 22. Bxc2 Bxd6 23. f4 g6 24. Ba4 Kf8 25. Bd7 Ke7 26. Bc8 Kd8 27. Bxb7 Kc7 28. Ba6 h6 29. h3 f6 30. Bb5 g5 31. fxg5 fxg5 32. Kf3 Bh2 33. Kg4 Bg1 34. Kg3 1-0


[Site "https://www.chess.com"]

[Event "Titled Tuesday Blitz May 30 Early 2023"]
[White "Arabidze, Meri"]
[Black "Olenik Campa, Rudi"]
[WhiteFideId "13604040"]
[BlackFideId "14633264"]
[WhiteElo "2405"]
[BlackElo "2249"]
[Result "1-0"]
[Round "08"]
[TimeControl "180+2"]
[Date "2023.05.30"]
[WhiteClock "0:00:16"]
[BlackClock "0:00:01"]

1. Nf3 g6 2. g3 Bg7 3. Bg2 e5 4. d3 Ne7 5. O-O O-O 6. c4 c6 7. e4 d5 8. cxd5 cxd5 9. Nbd2 Nbc6 10. Re1 d4 11. a4 a5 12. Nc4 Be6 13. b3 h6 14. Ba3 Kh7 15. Rc1 g5 16. Nfd2 Rg8 17. Nd6 Qd7 18. N2c4 Ra6 19. Qd2 b6 20. Nb5 Ng6 21. Rc2 g4 22. Qe2 h5 23. Rf1 h4 24. f4 exf4 25. gxf4 f5 26. exf5 Bxf5 27. Be4 Bxe4 28. Qxe4 Re8 29. Qg2 Nb4 30. Bxb4 axb4 31. f5 Ne5 32. Nxe5 Bxe5 33. f6 Qf7 34. Qe4+ Kh8 35. Qf5 Raa8 36. Re2 Bxf6 37. Rxe8+ Rxe8 38. Nd6 Qe6 39. Nxe8 Qe3+ 40. Kh1 Be5 41. Qh5+ Kg8 42. Qg6+ Kh8 43. Rf8# 1-0


[Site "https://www.chess.com"]

[Event "Titled Tuesday Blitz May 30 Early 2023"]
[White "Devaev, Alexander"]
[Black "RobertDowneyJr0111"]
[WhiteFideId "4169395"]
[WhiteElo "2172"]
[BlackElo "2630"]
[Result "1-0"]
[Round "08"]
[TimeControl "180+2"]
[Date "2023.05.30"]
[WhiteClock "0:01:23"]
[BlackClock "0:00:21"]

1. Nf3 Nf6 2. c4 c6 3. e3 d5 4. b3 e6 5. Bb2 Nbd7 6. d4 Bd6 7. Nbd2 Qe7 8. Bd3 O-O 9. Qc2 e5 10. cxd5 cxd5 11. dxe5 Nxe5 12. O-O Bg4 13. Nxe5 Bxe5 14. Bxe5 Qxe5 15. Rac1 Rac8 16. Qb1 Rc3 17. h3 Bh5 18. Qb2 Rfc8 19. Nb1 Rxc1 20. Qxe5 R1c3 1-0


[Site "https://www.chess.com"]

[Event "Titled Tuesday Blitz May 30 Early 2023"]
[White "Garakov, Mikhael"]
[Black "Al-Tarboush, Ward"]
[WhiteFideId "4169034"]
[BlackFideId "7601450"]
[WhiteElo "2347"]
[BlackElo "2265"]
[Result "0-1"]
[Round "08"]
[TimeControl "180+2"]
[Date "2023.05.30"]
[WhiteClock "0:00:03"]
[BlackClock "0:00:02"]

1. e4 e6 2. d4 d5 3. Nc3 Nf6 4. e5 Nfd7 5. f4 c5 6. Nf3 Nc6 7. Be3 a6 8. Qd2 b5 9. a3 Bb7 10. Be2 Qb6 11. dxc5 Bxc5 12. Bxc5 Nxc5 13. Qe3 d4 14. Nxd4 Nxd4 15. Qxd4 Rd8 16. Qf2 b4 17. axb4 Qxb4 18. O-O O-O 19. Na2 Qd4 20. Rfd1 Qxf2+ 21. Kxf2 Ne4+ 22. Ke3 g5 23. g3 Rc8 24. Nb4 Nc5 25. c3 f6 26. Nxa6 fxe5 27. fxe5 Nb3 28. Ra3 Nc5 29. Rd6 Rf5 30. Nxc5 Rxe5+ 31. Kf2 Rf8+ 32. Ke1 Bf3 33. Rxe6 Rxc5 34. Bxf3 Rxf3 35. Ke2 Rcf5 36. Kd2 Rd5+ 37. Ke2 Rdf5 38. Re3 Rf2+ 39. Kd3 Rxb2 40. h4 g4 41. Ra7 Rb8 42. Re4 Rf3+ 43. Re3 Rd8+ 44. Ke2 Rdf8 45. Rxf3 Rxf3 46. Ra4 Rxg3 47. Kf2 Rf3+ 48. Kg2 h5 49. Rc4 Kg7 50. Rc5 Kg6 51. Rg5+ Kh6 52. Rc5 Rd3 53. Rc6+ Kg7 54. Rc5 Kg6 55. Rg5+ Kh6 56. Rc5 Rh3 57. Rc6+ Kg7 58. Rc5 Rxh4 59. Kg3 Rh3+ 60. Kf4 Kh6 61. Rc6+ Kg7 62. Kg5 g3 63. Kf4 Kf7 64. Kf3 h4 65. Rc4 Rh2 66. Rf4+ Ke6 67. Re4+ Kd6 68. Rg4 Kc5 69. c4 Rf2+ 70. Ke3 Rh2 71. Kd3 g2 72. Ke2 g1=Q+ 0-1


[Site "https://www.chess.com"]

[Event "Titled Tuesday Blitz May 30 Early 2023"]
[White "Fan_Of_Chucky"]
[Black "brm72"]
[WhiteElo "2471"]
[BlackElo "2618"]
[Result "0-1"]
[Round "08"]
[TimeControl "180+2"]
[Date "2023.05.30"]
[WhiteClock "0:00:00"]
[BlackClock "0:00:33"]

1. d4 Nf6 2. c4 e6 3. Nf3 b6 4. a3 Be7 5. Nc3 Bb7 6. Qc2 d5 7. cxd5 exd5 8. Bg5 O-O 9. e3 h6 10. Bh4 Nbd7 11. b4 Rc8 12. Be2 Ne4 13. Bxe7 Qxe7 14. O-O c5 15. bxc5 bxc5 16. Qb3 Nb6 17. dxc5 Rxc5 18. Nxe4 dxe4 19. Nd4 Rg5 20. Rfc1 Rg6 21. a4 Bd5 22. Qa3 Qg5 23. g3 h5 24. a5 Nd7 25. h4 Qxh4 26. Nc6 Bxc6 27. Rxc6 Qh3 28. Rxg6 fxg6 29. Qb3+ Kh7 30. Qd5 h4 31. Qxe4 hxg3 32. fxg3 Qxg3+ 33. Kh1 Rf2 0-1


[Site "https://www.chess.com"]

[Event "Titled Tuesday Blitz May 30 Early 2023"]
[White "Iskusnyh, Sergei"]
[Black "Liu, Casper"]
[WhiteFideId "4120027"]
[BlackFideId "1454153"]
[WhiteElo "2492"]
[BlackElo "2221"]
[Result "1-0"]
[Round "08"]
[TimeControl "180+2"]
[Date "2023.05.30"]
[WhiteClock "0:00:09"]
[BlackClock "0:00:14"]

1. d4 d5 2. c4 dxc4 3. e3 a6 4. Bxc4 Nf6 5. Nf3 Nc6 6. Ng5 e6 7. Nc3 b5 8. Be2 Bb7 9. Bf3 Bd6 10. O-O O-O 11. Bd2 e5 12. Rc1 Rb8 13. d5 Ne7 14. e4 h6 15. Nh3 g5 16. Kh1 Bc8 17. Ng1 Ng6 18. g3 Kh7 19. Bg2 Bc5 20. Na4 Ba7 21. Nc5 Qd6 22. b4 c6 23. dxc6 Qxc6 24. Qc2 Bg4 25. f3 Be6 26. Nxe6 Qxe6 27. Qc6 Rfe8 28. Bh3 g4 29. Qxe6 Rxe6 30. Bxg4 Rd6 31. Bc3 Nxg4 32. fxg4 Rd7 33. Nf3 f6 34. Nh4 Nxh4 35. gxh4 Kg7 36. g5 hxg5 37. hxg5 Rh8 38. gxf6+ Kg6 39. Bxe5 Rdh7 40. Rg1+ Kf7 41. Rc7+ Ke6 42. Rxh7 Rxh7 43. Bc3 Bb8 44. Rg2 Be5 45. Bxe5 Kxe5 46. Rf2 Rf7 47. Kg2 Kxe4 48. Kg3 Kd4 49. Kg4 Kc3 50. Kf5 Kxb4 51. Ke6 Rf8 52. f7 Ra8 53. f8=Q+ Rxf8 54. Rxf8 a5 55. Rf3 a4 56. h4 a3 57. h5 Ka4 58. h6 b4 59. h7 b3 60. Rxb3 1-0


[Site "https://www.chess.com"]

[Event "Titled Tuesday Blitz May 30 Early 2023"]
[White "MKlose11"]
[Black "Degenbaev, Aziz"]
[BlackFideId "13802640"]
[WhiteElo "2611"]
[BlackElo "2152"]
[Result "1-0"]
[Round "08"]
[TimeControl "180+2"]
[Date "2023.05.30"]
[WhiteClock "0:00:22"]
[BlackClock "0:00:02"]

1. e4 c5 2. Nc3 d6 3. d3 Nc6 4. g3 g6 5. Be3 Bg7 6. Qe2 e6 7. Qd2 a6 8. Bg2 Rb8 9. Nge2 b5 10. O-O b4 11. Nd1 Nge7 12. Bh6 O-O 13. Bxg7 Kxg7 14. Ne3 Nd4 15. f4 a5 16. g4 f5 17. gxf5 exf5 18. Ng3 Be6 19. Rad1 d5 20. c3 bxc3 21. bxc3 Ndc6 22. exf5 Nxf5 23. Ngxf5+ gxf5 24. d4 c4 25. Rde1 Rf6 26. Bf3 Ne7 27. Kh1 Kh8 28. Rg1 Qd6 29. Ng2 a4 30. Re5 a3 31. Qe3 Ng6 32. Bh5 Rb2 33. Bxg6 Rxg6 34. Nh4 Rxg1+ 35. Kxg1 Bd7 36. Re8+ Kg7 37. Qe7+ Qxe7 38. Rxe7+ Kf6 39. Rxd7 Rxa2 40. Ra7 Ra1+ 41. Kg2 Ra2+ 42. Kg3 Ra1 43. Ng2 a2 44. Kf2 Ke6 45. Ne3 h5 46. Ra6+ Kd7 47. Nc2 Rh1 48. Rxa2 Rxh2+ 49. Kg3 Rd2 50. Nb4 Rd1 51. Nxd5 Kd6 52. Nb4 Rg1+ 53. Kh4 Rh1+ 54. Kg5 h4 55. Kxf5 h3 56. Kg4 Rc1 57. Kxh3 Rxc3+ 58. Kg4 Rb3 59. Ra6+ Kc7 60. Rc6+ Kd7 61. Rxc4 Kd6 62. d5 Rb1 63. Kf5 Rh1 64. Rc6+ Kd7 65. Nd3 Rh5+ 66. Ke4 Rh1 67. Ne5+ Kd8 68. d6 Re1+ 69. Kf5 Re2 70. Ke6 Re1 71. Ra6 Kc8 72. d7+ Kc7 73. Ra8 Rxe5+ 74. fxe5 Kb7 75. d8=Q Kc6 76. Qd5+ Kb6 77. Rb8+ Ka6 78. Qa8# 1-0


[Site "https://www.chess.com"]

[Event "Titled Tuesday Blitz May 30 Early 2023"]
[White "Fiorito, Francisco"]
[Black "Sanhueza, Cristian"]
[WhiteFideId "180165"]
[BlackFideId "116815"]
[WhiteElo "2341"]
[BlackElo "2174"]
[Result "0-1"]
[Round "08"]
[TimeControl "180+2"]
[Date "2023.05.30"]
[WhiteClock "0:00:09"]
[BlackClock "0:00:06"]

1. d4 Nf6 2. Bf4 c5 3. e3 Qb6 4. Nc3 a6 5. a3 cxd4 6. exd4 d5 7. Nf3 Nc6 8. Na4 Qd8 9. h3 Bf5 10. Nc5 Ne4 11. Nd3 e6 12. c3 Bd6 13. Nfe5 f6 14. Nf3 Nxf2 15. Kxf2 Bxd3 16. Bxd3 Bxf4 17. g3 Bc7 18. Re1 Qd6 19. Rg1 O-O 20. Qc2 f5 21. Rae1 Rae8 22. Qb3 Kh8 23. Re2 b5 24. Qc2 e5 25. dxe5 Nxe5 26. Rge1 Ng4+ 27. Kf1 Qxg3 28. Rxe8 Qxf3+ 29. Kg1 Bb6+ 30. R1e3 Bxe3+ 31. Rxe3 Qxe3+ 32. Kg2 Nf6 33. Bxf5 Ne4 34. Bxe4 dxe4 35. Qd1 Rf2+ 36. Kg1 Qg3+ 37. Kh1 Qg2# 0-1


[Site "https://www.chess.com"]

[Event "Titled Tuesday Blitz May 30 Early 2023"]
[White "Grave, Jacob Templen"]
[Black "Kleiman, Jake"]
[WhiteFideId "1542656"]
[BlackFideId "2020041"]
[WhiteElo "2189"]
[BlackElo "2601"]
[Result "0-1"]
[Round "08"]
[TimeControl "180+2"]
[Date "2023.05.30"]
[WhiteClock "0:00:00"]
[BlackClock "0:00:05"]

1. d4 Nf6 2. c4 e6 3. Nc3 Bb4 4. f3 c5 5. d5 O-O 6. e4 d6 7. Ne2 exd5 8. cxd5 b5 9. a4 bxa4 10. Rxa4 Re8 11. Ng3 Nbd7 12. Be2 Ne5 13. O-O Bd7 14. Ra6 Qc7 15. Bg5 Bxc3 16. bxc3 Bc8 17. Bxf6 Bxa6 18. Bxa6 gxf6 19. f4 Ng6 20. Bb5 Re7 21. Nh5 Kh8 22. Nxf6 c4 23. Qh5 Nf8 24. Qg5 Ne6 25. dxe6 fxe6 26. Kh1 Rg7 27. Qh6 Rg6 28. Qh4 Rf8 29. e5 d5 0-1


[Site "https://www.chess.com"]

[Event "Titled Tuesday Blitz May 30 Early 2023"]
[White "Bartel, Michal"]
[Black "Estrada Nieto, Julian"]
[WhiteFideId "1119257"]
[BlackFideId "5101018"]
[WhiteElo "2282"]
[BlackElo "2161"]
[Result "1-0"]
[Round "08"]
[TimeControl "180+2"]
[Date "2023.05.30"]
[WhiteClock "0:00:20"]
[BlackClock "0:00:00"]

1. e4 e5 2. Nc3 Nf6 3. g3 d5 4. exd5 Nxd5 5. Bg2 Nxc3 6. bxc3 Bc5 7. Ne2 Nc6 8. Rb1 O-O 9. O-O Bb6 10. d3 Be6 11. c4 Qd7 12. Re1 Bh3 13. Bh1 Rab8 14. Nc3 Nd4 15. Be3 Bg4 16. f3 Be6 17. Bf2 f6 18. Qd2 Rfe8 19. Ne4 f5 20. Ng5 h6 21. Nxe6 Nxe6 22. Rxe5 Bd4 23. Rd5 Bxf2+ 24. Qxf2 Qa4 25. c3 c6 26. Rxf5 Red8 27. Qe2 Nf8 28. Re5 Nd7 29. Re7 Nf6 30. f4 Re8 31. Qe6+ Kh8 32. Qf7 Rxe7 33. Qxe7 Qxa2 34. Rf1 Ng4 35. Qh4 Ne3 36. Re1 Qd2 37. g4 Qxd3 38. Qg3 Re8 39. Bg2 1-0


[Site "https://www.chess.com"]

[Event "Titled Tuesday Blitz May 30 Early 2023"]
[White "Szente Varga, Fruzsina"]
[Black "Sousa, Andre Ventura"]
[WhiteFideId "712264"]
[BlackFideId "1917617"]
[WhiteElo "1994"]
[BlackElo "2333"]
[Result "0-1"]
[Round "08"]
[TimeControl "180+2"]
[Date "2023.05.30"]
[WhiteClock "0:00:08"]
[BlackClock "0:00:45"]

1. e4 c6 2. d4 d5 3. Nc3 dxe4 4. Nxe4 Nf6 5. Nxf6+ exf6 6. c3 Bd6 7. Bd3 O-O 8. Ne2 Re8 9. Qc2 h5 10. O-O h4 11. h3 Nd7 12. b4 Nf8 13. a4 Bc7 14. Be4 f5 15. Bf3 Ng6 16. Bh5 Qd6 17. f4 Be6 18. Bxg6 fxg6 19. Kh1 Bc4 20. Rf2 Re4 21. Ng1 Rae8 22. Bd2 g5 23. Nf3 Re2 24. Rxe2 Rxe2 25. Re1 Rxe1+ 26. Nxe1 Qe6 27. Nf3 gxf4 28. Nxh4 Qe4 29. Qc1 Be2 30. Qe1 g5 31. Ng6 f3 32. Qf2 fxg2+ 33. Kg1 Bf3 34. Ne5 g4 35. Nxf3 Qxf3 36. Qxg2 Qxh3 37. Qe2 Qg3+ 38. Kf1 Kf7 39. Qc4+ Kf6 40. Qg8 Qf3+ 41. Ke1 Bg3# 0-1


[Site "https://www.chess.com"]

[Event "Titled Tuesday Blitz May 30 Early 2023"]
[White "Shuvalov, Evgenij"]
[Black "Avalos Parra, Joao"]
[WhiteFideId "4187237"]
[BlackFideId "3402541"]
[WhiteElo "2080"]
[BlackElo "2173"]
[Result "1-0"]
[Round "08"]
[TimeControl "180+2"]
[Date "2023.05.30"]
[WhiteClock "0:00:33"]
[BlackClock "0:00:38"]

1. d4 d5 2. c4 e6 3. Nc3 Nf6 4. cxd5 exd5 5. Bg5 c6 6. e3 h6 7. Bh4 Be7 8. Bd3 O-O 9. Nge2 Ne4 10. Bxe7 Qxe7 11. Bxe4 dxe4 12. h3 Nd7 13. d5 cxd5 14. Nxd5 Qe5 15. Nec3 Nc5 16. O-O Rd8 17. Qd4 Qxd4 18. exd4 Ne6 19. Rfd1 f5 20. Ne7+ Kf7 21. Nxf5 Nf4 22. Ne3 Nd3 23. Nxe4 Nxb2 24. Rd2 Na4 25. Rc1 Nb6 26. Rc7+ Rd7 27. Rdc2 Rxc7 28. Rxc7+ Kg8 29. d5 Bd7 30. Nc5 Bb5 31. d6 Rd8 32. Nf5 Nd7 33. Ne6 Re8 34. Nfxg7 Rb8 35. Nh5 Re8 36. Nd4 Ba4 37. Rc4 Bd1 38. g4 Rd8 39. Rc7 Ne5 40. Nf6+ Kf8 41. Ne6# 1-0


[Site "https://www.chess.com"]

[Event "Titled Tuesday Blitz May 30 Early 2023"]
[White "Sovetbekova, Nurai"]
[Black "Garv Gaur"]
[WhiteFideId "13801910"]
[BlackFideId "45030839"]
[WhiteElo "1857"]
[BlackElo "2068"]
[Result "1-0"]
[Round "08"]
[TimeControl "180+2"]
[Date "2023.05.30"]
[WhiteClock "0:00:28"]
[BlackClock "0:00:36"]

1. d4 Nf6 2. c4 e6 3. Nc3 Bb4 4. Qc2 d5 5. cxd5 exd5 6. Bg5 h6 7. Bh4 g5 8. Bg3 Ne4 9. a3 Bxc3+ 10. bxc3 c6 11. e3 Nd7 12. Bd3 Nxg3 13. hxg3 Nf6 14. Nf3 Qe7 15. Nxg5 Bg4 16. Nf3 Nd7 17. Bf5 Bxf5 18. Qxf5 O-O-O 19. Ne5 Kb8 20. Qxf7 Qd6 21. Nxd7+ Rxd7 22. Qf4 Qxf4 23. gxf4 Rg7 24. g3 h5 25. Ke2 Kc7 26. Rh4 Kb6 27. Kd3 Ka5 28. Rb1 b5 29. Kc2 Ka4 30. Rb4+ Ka5 31. Rb1 Ka4 32. Kb2 a5 33. Rbh1 Rb8 34. Rxh5 b4 35. axb4 axb4 36. Ra1+ Kb5 37. cxb4 Kxb4 38. Kc2 Kc4 39. Rh6 Rc7 40. Ra4+ Kb5 41. Ra3 Rbc8 42. Rb3+ Kc4 43. Rc3+ Kb4 44. Rh1 Rf8 45. Rb3+ Kc4 46. Kb2 1-0


[Site "https://www.chess.com"]

[Event "Titled Tuesday Blitz May 30 Early 2023"]
[White "Zaitsev, Alexander"]
[Black "Dilmukhametov, Artur"]
[WhiteFideId "4164490"]
[BlackFideId "24179922"]
[WhiteElo "2373"]
[BlackElo "2242"]
[Result "1/2-1/2"]
[Round "08"]
[TimeControl "180+2"]
[Date "2023.05.30"]
[WhiteClock "0:00:02"]
[BlackClock "0:00:04"]

1. e4 e5 2. Nc3 Bb4 3. Bc4 Nf6 4. Nge2 O-O 5. O-O d6 6. d3 Be6 7. Bg5 c6 8. Kh1 Bxc4 9. dxc4 Nbd7 10. a3 Bxc3 11. Nxc3 Qb6 12. b4 Qd4 13. Qd3 a5 14. Rad1 axb4 15. axb4 Ra3 16. Qxd4 exd4 17. Nb1 Ra2 18. Rxd4 Rxc2 19. Rxd6 Nxe4 20. Rxd7 Nxg5 21. c5 Rb8 22. Re1 Ne4 23. h3 Rxf2 24. Rxe4 Rf1+ 25. Kh2 Rxb1 26. Rxb7 Rf8 27. Ree7 g6 28. Rec7 Kg7 29. Rxc6 Re8 30. Rcc7 Rf1 31. Re7 Rd8 32. c6 Rdd1 33. c7 Rh1+ 34. Kg3 Rd3+ 35. Kf2 Rc1 36. b5 h5 37. b6 h4 38. Rb8 Rdc3 39. Ree8 R3c2+ 40. Re2 Rc6 41. Rd8 g5 42. b7 Rf6+ 43. Ke3 Re6+ 44. Kd2 Rxc7 45. Rxe6 Rxb7 46. Red6 Rb2+ 47. Ke3 Rxg2 48. Rd3 Kg6 49. Ke4 f5+ 50. Ke5 Re2+ 51. Kd5 g4 52. Rd6+ Kg5 53. hxg4 fxg4 54. Kd4 h3 55. Re3 Rxe3 56. Kxe3 Kh4 57. Rh6+ Kg3 58. Ke2 Kg2 59. Ke3 g3 60. Kf4 h2 61. Kg4 Kf2 62. Rh3 h1=Q 63. Rxh1 g2 64. Rh2 Kf1 65. Rxg2 Kxg2 1/2-1/2


[Site "https://www.chess.com"]